 Dungeon Crawl Stone Soup version 0.31.0-11-ge490571c62 (webtiles) character file.

Game seed: 5803767409771015835

459 qw the Skirmisher (level 6, -2/36 HPs)
             Began as a Deep Elf Hunter on Feb 4, 2024.
             Slain by an orc priest
             ... wielding a +0 trident
              (3 damage)
             ... on level 4 of the Dungeon.
             The game lasted 00:00:08 (2553 turns).

qw the Skirmisher (Deep Elf Hunter)                 Turns: 2553, Time: 00:00:09

Health: -2/36      AC: 11    Str: 10    XL:     6   Next: 78%
Magic:  8/8        EV: 11    Int: 14    God:
Gold:   149        SH:  0    Dex: 18    Spells: 5/5 levels left

rFire   . . .        i - +0 arbalest
rCold   . . .        (shield currently unavailable)
rNeg    . . .        h - +0 ring mail
rPois   .            (no helmet)
rElec   .            p - +0 cloak
rCorr   .            l - +0 pair of gloves
SInv    .            (no boots)
Will    .....        (no amulet)
Stlth   +            o - +4 ring of protection
HPRegen 0.26/turn    (no ring)
MPRegen 0.11/turn

%: no passive effects
@: no status effects
A: no striking features
a: no special abilities


You were on level 4 of the Dungeon.
You visited 1 branch of the dungeon, and saw 6 of its levels.

You collected 149 gold pieces.


   Skills:
 - Level 2.5 Fighting
 - Level 10.0 Ranged Weapons
 - Level 1.0 Armour
 + Level 2.4 Dodging
 - Level 1.2 Stealth


You had 5 spell levels left.
You didn't know any spells.
Your spell library was empty.

Inventory:

Hand Weapons
 i - a +0 arbalest (weapon)
Armour
 h - a +0 ring mail (worn)
 l - a +0 pair of gloves (worn)
 p - a +0 cloak (worn)
Jewellery
 o - a +4 ring of protection (left hand)
Wands
 a - a wand of roots (10)
 c - a wand of polymorph (3)
Scrolls
 b - 2 scrolls of teleportation
Potions
 e - a potion of resistance
 g - 2 potions of curing
 j - a potion of might
 k - a potion of enlightenment {unknown}

Dungeon Overview and Level Annotations

Branches:
Dungeon (6/15)
 Temple: D:4-7

Altars:

Annotations:
D:3 1 runed translucent door, qw's ghost, amateur SpHu
D:6 Sigmund


Message History

The orc hits you but does no damage. The orc misses you.
You shoot a bolt. The bolt barely misses the orc.
The orc hits you but does no damage.
The orc priest hits you from afar with a +0 trident.
The orc completely misses you. The orc barely misses you.
The orc closely misses you.
The orc priest hits you from afar with a +0 trident.
The orc closely misses you. The orc hits you but does no damage.
You shoot a bolt. The bolt hits the orc!!
You kill the orc!
The orc hits you with a +0 hand axe. The orc barely misses you.
The orc priest hits you but does no damage.
You shoot a bolt. The bolt hits the orc!!
You kill the orc!
The orc hits you but does no damage.
The orc priest hits you but does no damage.
The orc hits you but does no damage.
The orc priest hits you from afar with a +0 trident.
Your Ranged Weapons skill increases to level 10!
You shoot a bolt. The bolt hits the orc.
The orc is severely wounded.
The orc misses you. The orc priest closely misses you.
You shoot a bolt. The bolt hits the orc.
You kill the orc!
The orc priest casts a cantrip, but nothing happens.
The orc priest hits you from afar with a +0 trident.
You shoot a bolt. The bolt hits the orc priest.
The orc priest is moderately wounded.
You hear an angry hiss.
An adder comes into view.
The orc priest mumbles some strange prayers to Beogh against you.
Pain shoots through your body!
A ball python comes into view.
The adder moves out of view.
You shoot a bolt. The bolt hits the orc priest.
The orc priest is severely wounded.
The orc priest mumbles some strange prayers to Beogh against you.
Pain shoots through your body!
The orc priest hits you from afar with a +0 trident.
You die...

#### ###...###
...###..)o...#
.......@)#
...(..#S)#
..### ##...
..... .#.....
....... S.
.... ....###


You could see an orc priest, an adder and a ball python.

Vanquished Creatures
  A water moccasin (D:6)
  A black bear (D:6)
  A bombardier beetle (D:3)
  A gnoll bouda (D:6)
  A jelly (D:6)
  4 gnolls
  5 adders
  2 dart slugs
  2 ribbon worms (D:2)
  3 orcs (D:4)
  7 ball pythons
  4 bats
  5 endoplasms
  A giant cockroach (D:3)
  6 goblins
  8 hobgoblins
  3 jackals (D:2)
  6 kobolds
  2 quokkas (D:2)
  6 frilled lizards
  7 rats
76 creatures vanquished.

Notes
Turn   | Place    | Note
-------+----------+-------------------------------------------
     0 | D:1      | qw the Deep Elf Hunter began the quest for the Orb.
     0 | D:1      | Reached XP level 1. HP: 12/12 MP: 3/3
     0 | D:1      | 0 ||| qw: Version: 0.3-a-160-g6735b56
     0 | D:1      | 0 ||| qw: Game counter: 4617
     0 | D:1      | 0 ||| qw: Melee chars always use a shield: true
     0 | D:1      | 0 ||| qw: God list: Okawaru
     0 | D:1      | 0 ||| qw: Allow faded altars: false
     0 | D:1      | 0 ||| qw: Do Orc after clearing Dungeon:15 true
     0 | D:1      | 0 ||| qw: Do second Lair branch before Depths: true
     0 | D:1      | 0 ||| qw: Lair rune preference: random
     0 | D:1      | 0 ||| qw: Goals: Normal
     0 | D:1      | 0 ||| PLANNING D:1-11
   203 | D:1      | Reached XP level 2. HP: 11/16 MP: 4/4
   250 | D:1      | Reached skill level 6 in Ranged Weapons
   732 | D:1      | HP: 2/16 [gnoll/+0 club (5)]
   734 | D:1      | Reached XP level 3. HP: 2/20 MP: 5/5
   973 | D:1      | 973 ||| UPGRADING to +0 ring mail.
   983 | D:1      | 983 ||| DROPPING +0 leather armour.
   984 | D:1      | 984 ||| UPGRADING to +0 pair of gloves.
   989 | D:1      | 989 ||| UPGRADING to +0 cloak.
   994 | D:1      | 994 ||| UPGRADING to +4 ring of protection.
   995 | D:1      | 995 ||| DROPPING ring of magical power.
   996 | D:1      | 996 ||| READING 2 scrolls labelled KEQIT VOTOIVO.
   996 | D:1      | 996 ||| BRANDING +0 shortbow.
   997 | D:1      | 997 ||| READING scroll of brand weapon.
   997 | D:1      | 997 ||| BRANDING +0 shortbow of electrocution.
   998 | D:1      | 998 ||| READING 3 scrolls labelled VAUDWY QAFO.
   998 | D:1      | 998 ||| IDENTIFYING coppery potion
   999 | D:1      | 999 ||| READING 2 scrolls of identify.
   999 | D:1      | 999 ||| IDENTIFYING sapphire potion
  1000 | D:1      | 1000 ||| READING scroll of identify.
  1000 | D:1      | 1000 ||| IDENTIFYING sedimented dark potion
  1001 | D:1      | 1001 ||| READING scroll labelled EFRANE SUETWOSCHI.
  1002 | D:1      | 1002 ||| READING scroll labelled BULOSESK YMEOHAED.
  1006 | D:1      | 1006 ||| DRINKING 3 fizzy sapphire potions.
  1029 | D:1      | 1029 ||| DROPPING scroll of butterflies.
  1030 | D:1      | 1030 ||| DROPPING 2 potions of lignification.
  1129 | D:2      | Reached skill level 7 in Ranged Weapons
  1331 | D:2      | Identified the +4 mace of Springtime {freeze, *Corrode
                  | Will+ Int-2 Dex+8}
  1456 | D:2      | Reached XP level 4. HP: 25/25 MP: 6/6
  2010 | D:3      | Found a runed translucent door.
  2022 | D:3      | Reached skill level 8 in Ranged Weapons
  2053 | D:3      | Reached XP level 5. HP: 29/29 MP: 7/7
  2077 | D:3      | Noticed qw's ghost (amateur SpHu)
  2277 | D:3      | 2277 ||| SWAPPING to +0 arbalest.
  2280 | D:3      | 2280 ||| DROPPING +0 heavy shortbow.
  2375 | D:3      | You fall into a shaft and drop 3 floors!
  2382 | D:6      | Noticed a water moccasin
  2383 | D:6      | 2383 ||| DRINKING potion of haste.
  2389 | D:6      | Killed a water moccasin
  2390 | D:6      | Reached skill level 9 in Ranged Weapons
  2390 | D:6      | Reached XP level 6. HP: 34/34 MP: 8/8
  2404 | D:6      | Noticed Sigmund
  2405 | D:6      | 2405 ||| RETREEEEATING.
  2408 | D:6      | Reached skill level 1 in Armour
  2424 | D:6      | 2424 ||| READING scroll of identify.
  2424 | D:6      | 2424 ||| IDENTIFYING murky coppery potion
  2425 | D:6      | 2425 ||| READING scroll labelled HESUUHO ZUHOR.
  2534 | D:5      | Entered Level 5 of the Dungeon
  2544 | D:4      | 2544 ||| PLANNING OSSUARY
  2550 | D:4      | Reached skill level 10 in Ranged Weapons
  2553 | D:4      | HP: 1/36 [orc priest/nerve-wracking pain (9)]
  2553 | D:4      | Slain by an orc priest

Levels and vault maps discovered:
D:1:      dpeg_cavernosity, layout_loops_ring
D:2:      minmay_inner_zag, layout_basic
D:3:      layout_rooms, ebering_ghost_sewer_d, interstate_on_off, minivault_27,
          st_stairs_6, minivault_19
D:4:      layout_cave_pools, nicolae_ossuary_entry_giza
D:5:      layout_basic
D:6:      layout_basic, serial_glass, glass_columns_a, glass_columns_a,
          glass_columns_a, glass_columns_b, glass_columns_a, glass_columns_a,
          glass_columns_a, glass_columns_a, glass_columns_a, glass_columns_a,
          glass_columns_c, glass_columns_c, glass_columns_a, glass_columns_b,
          minmay_hollow_rounded_squares, uniq_sigmund, uniq_eustachio,
          uniq_jeremiah, uniq_menkaure

Skill      XL: |  1  2  3  4  5  6 |
---------------+-------------------+-----
Ranged Weapons | 6 7 8 9 10 | 10.0
Fighting       | 2 |  2.5
Armour         | 1 |  1.0
Dodging        | |  2.4
Stealth        | |  1.2

Action                     |  1- 3 |  4- 6 || total
---------------------------+-------+-------++-------
   Fire: Shortbow          |    87 |    50 ||   137
         Arbalest          |       |    49 ||    49
    Use: Scroll            |     7 |     2 ||     9
         Potion            |     1 |     1 ||     2
 Armour: Leather armour    |    12 |       ||    12
         Ring mail         |     2 |    54 ||    56
  Dodge: Dodged            |    11 |    52 ||    63

Table legend:
 A = Non-vault XP
 B = Vault XP
 C = Vault XP percentage of total XP
 D = Non-vault monster count
 E = Vault monster count
 F = Vault count percentage of total count
                 A         B        C        D         E       F
            +---------+---------+-------+---------+---------+-------
      Total |     632 |      24 |   3.7 |      70 |       6 |   7.9
            +---------+---------+-------+---------+---------+-------
        D:1 |      34 |      21 |  38.2 |      21 |       4 |  16.0
        D:2 |      64 |       3 |   4.5 |      25 |       2 |   7.4
        D:3 |     120 |       0 |   0.0 |      14 |       0 |   0.0
        D:4 |       9 |       0 |   0.0 |       3 |       0 |   0.0
        D:6 |     405 |       0 |   0.0 |       7 |       0 |   0.0
            +---------+---------+-------+---------+---------+-------
